[Event "Titled Tuesday Blitz April 25 Early 2023"]
[White "Smiechu"]
[Black "Panesso Rivera, Henry"]
[BlackFideId "4402707"]
[WhiteElo "2405"]
[BlackElo "2345"]
[Result "0-1"]
[Round "03"]
[TimeControl "180+2"]
[Date "2023.04.25"]
[WhiteClock "0:00:02"]
[BlackClock "0:01:39"]

1. e4 d6 2. d4 Nf6 3. Nc3 g6 4. Be3 c6 5. f3 Qa5 6. Qd2 Nbd7 7. h4 h6 8. Bd3 b5 9. Nh3 Rb8 10. g4 Qc7 11. Qg2 Nb6 12. g5 hxg5 13. hxg5 Nh5 14. Nf4 Nxf4 15. Bxf4 Rxh1+ 16. Qxh1 e5 17. dxe5 dxe5 18. Be3 Nc4 19. Bxc4 bxc4 20. Qh8 Qa5 21. Bd2 Qb6 22. Qxe5+ Be6 23. Ke2 Rd8 24. Rh1 Qxb2 25. Rh8 Qxc2 26. Rxf8+ Kxf8 27. Qh8+ Ke7 28. Qf6+ Ke8 29. Qh8+ Kd7 30. Na4 Rxh8 0-1


[Site "https://www.chess.com"]

[Event "Titled Tuesday Blitz April 25 Early 2023"]
[White "Janaszak, Dawid"]
[Black "Golubev, Mikhail"]
[WhiteFideId "1119206"]
[BlackFideId "14100983"]
[WhiteElo "2220"]
[BlackElo "2374"]
[Result "1/2-1/2"]
[Round "03"]
[TimeControl "180+2"]
[Date "2023.04.25"]
[WhiteClock "0:01:15"]
[BlackClock "0:00:39"]

1. e4 c5 2. Nc3 Nc6 3. Bb5 Nd4 4. Nf3 a6 5. Bd3 e6 6. O-O Qc7 7. Nxd4 cxd4 8. Ne2 Bc5 9. b3 Ne7 10. Bb2 Nc6 11. a3 O-O 12. f4 b5 13. Qe1 Bb7 14. Qh4 f5 15. Kh1 Rf6 16. b4 Bb6 17. exf5 exf5 18. Ng3 Raf8 19. Rae1 a5 20. c3 Rh6 21. Qg5 Rg6 22. Qh5 Rh6 23. Qg5 Rg6 24. Qh5 Rh6 25. Qg5 1/2-1/2


[Site "https://www.chess.com"]

[Event "Titled Tuesday Blitz April 25 Early 2023"]
[White "Liu, Casper"]
[Black "Melikyan, Gnel"]
[WhiteFideId "1454153"]
[BlackFideId "54109990"]
[WhiteElo "2221"]
[BlackElo "2138"]
[Result "0-1"]
[Round "03"]
[TimeControl "180+2"]
[Date "2023.04.25"]
[WhiteClock "0:00:03"]
[BlackClock "0:00:45"]

1. e4 c6 2. d4 d5 3. exd5 cxd5 4. Bd3 Nc6 5. c3 Nf6 6. Ne2 e5 7. dxe5 Nxe5 8. Bb5+ Bd7 9. Bxd7+ Qxd7 10. O-O Be7 11. Bf4 Ng6 12. Nd2 O-O 13. Nf3 Bd6 14. Bxd6 Qxd6 15. Qd4 Rfe8 16. Ng3 a6 17. Rfe1 h6 18. Nf5 Qf4 19. Ne3 Re4 20. Qc5 Rae8 21. Red1 Ne5 22. Nd4 Neg4 23. Nxg4 Nxg4 24. Nf3 Re2 25. Rd4 R8e4 26. Rxd5 Rxf2 27. Rf5 Qb8 28. h3 Qg3 29. Qxf2 Qxf2+ 30. Kh1 Ne3 31. Rg1 Nxf5 0-1


[Site "https://www.chess.com"]

[Event "Titled Tuesday Blitz April 25 Early 2023"]
[White "Pacan-Milej, Kosma"]
[Black "Matveeva, Olga"]
[WhiteFideId "21800537"]
[BlackFideId "24107018"]
[WhiteElo "2302"]
[BlackElo "2056"]
[Result "1/2-1/2"]
[Round "03"]
[TimeControl "180+2"]
[Date "2023.04.25"]
[WhiteClock "0:01:54"]
[BlackClock "0:00:15"]

1. d4 Nf6 2. c4 e6 3. Nc3 Bb4 4. e3 O-O 5. Bd3 d5 6. a3 Bxc3+ 7. bxc3 dxc4 8. Bxc4 b6 9. Ne2 Bb7 10. O-O Nbd7 11. f3 c5 12. e4 cxd4 13. cxd4 Rc8 14. Bd3 e5 15. Be3 exd4 16. Nxd4 Nc5 17. Be2 Re8 18. Qe1 Nd5 19. Bf2 Nf4 20. Rd1 Qg5 21. Bg3 Rcd8 22. Nf5 Rxd1 23. Qxd1 Nxe2+ 24. Qxe2 Qxf5 25. exf5 Rxe2 26. Rd1 Re8 27. Bd6 Bc6 28. Rc1 Bd7 29. Bxc5 bxc5 30. Rxc5 Rc8 31. Ra5 Rc7 32. Kf2 f6 33. g4 Kf7 34. Ke3 Ke7 35. h4 h5 36. g5 fxg5 37. hxg5 h4 38. Kf2 Rc2+ 39. Kg1 Rc7 40. Kh2 Kd6 41. Kh3 Rc4 42. Kg2 Ra4 43. Rxa4 Bxa4 44. Kh3 Ke5 45. f6 gxf6 46. gxf6 Kxf6 47. Kxh4 Kf5 48. Kg3 a5 49. Kf2 Bb3 50. Ke2 a4 51. Kd2 Kf4 52. Kc3 Kxf3 53. Kb2 Ke2 54. Ka1 Kd3 55. Kb2 Kd2 56. Ka1 Kc2 1/2-1/2


[Site "https://www.chess.com"]

[Event "Titled Tuesday Blitz April 25 Early 2023"]
[White "BenchGM"]
[Black "Yelisieiev, Yevhenii"]
[BlackFideId "14139642"]
[WhiteElo "2374"]
[BlackElo "2425"]
[Result "1-0"]
[Round "03"]
[TimeControl "180+2"]
[Date "2023.04.25"]
[WhiteClock "0:00:06"]
[BlackClock "0:00:04"]

1. d4 d6 2. c4 e5 3. Nc3 exd4 4. Qxd4 Nc6 5. Qd2 g6 6. e4 Bg7 7. g3 Nge7 8. Bg2 Be6 9. b3 O-O 10. Bb2 f5 11. Nge2 Bf7 12. O-O Qd7 13. Nf4 Rae8 14. Rfe1 Nd4 15. Ncd5 c5 16. Ne2 Nec6 17. Nxd4 Nxd4 18. exf5 Qxf5 19. Ne7+ Rxe7 20. Rxe7 Be8 21. Rxb7 Be5 22. f4 Bf6 23. Re1 a5 24. Rb8 Bf7 25. Rxf8+ Kxf8 26. Be4 Qg4 27. Kg2 h5 28. Bxd4 Bxd4 29. Bf3 Qf5 30. Qxa5 Qc2+ 31. Re2 Qb1 32. Qe1 Qf5 33. a4 h4 34. a5 h3+ 35. Kh1 Qd3 36. Be4 Qxb3 37. a6 Qa4 38. Qb1 Qxa6 39. Bxg6 Bxc4 40. Qf5+ 1-0


[Site "https://www.chess.com"]

[Event "Titled Tuesday Blitz April 25 Early 2023"]
[White "Gutkin, Ilya"]
[Black "Vlassov, Nikolai"]
[WhiteFideId "16203470"]
[BlackFideId "4103360"]
[WhiteElo "2265"]
[BlackElo "2324"]
[Result "0-1"]
[Round "03"]
[TimeControl "180+2"]
[Date "2023.04.25"]
[WhiteClock "0:00:04"]
[BlackClock "0:00:56"]

1. Nf3 c5 2. c4 g6 3. d4 Bg7 4. e4 Qa5+ 5. Nc3 Nc6 6. d5 Nd4 7. Bd2 Nxf3+ 8. Qxf3 d6 9. Bd3 Nf6 10. h3 O-O 11. O-O Qd8 12. Qe2 e6 13. f4 exd5 14. cxd5 Re8 15. Qf3 a6 16. a4 Nd7 17. Rae1 Rb8 18. e5 dxe5 19. fxe5 Nxe5 20. Rxe5 Bxe5 21. Qxf7+ Kh8 22. Bg5 Qd7 23. Qf3 Qg7 24. Ne4 Bd7 25. Nf6 Rf8 26. b3 b5 27. axb5 Bxb5 28. Bxb5 axb5 29. d6 Bxd6 30. Qd5 Be7 31. Ne4 Rxf1+ 32. Kxf1 Rf8+ 33. Kg1 Bxg5 34. Nxg5 Qd4+ 35. Qxd4+ cxd4 0-1


[Site "https://www.chess.com"]

[Event "Titled Tuesday Blitz April 25 Early 2023"]
[White "Real_taiatai"]
[Black "Lenaerts, Lennert"]
[BlackFideId "211435"]
[WhiteElo "2357"]
[BlackElo "2334"]
[Result "0-1"]
[Round "03"]
[TimeControl "180+2"]
[Date "2023.04.25"]
[WhiteClock "0:01:29"]
[BlackClock "0:02:11"]

1. f4 d5 2. Nf3 g6 3. g3 Bg7 4. Bg2 Nf6 5. O-O O-O 6. e3 c5 7. d4 Nc6 8. c3 b6 9. Ne5 Bb7 10. Nd2 Rc8 11. Ndf3 Ne4 12. Bd2 f6 13. Nd3 Ba6 14. Be1 Qd7 15. Qe2 e5 16. fxe5 fxe5 17. Nd2 Rxf1+ 18. Bxf1 Nxd2 19. Qxd2 exd4 20. exd4 cxd4 21. cxd4 Nxd4 22. Bg2 Rc2 23. Qd1 Qf5 24. Nf4 Rxg2+ 25. Kxg2 Qe4+ 26. Kg1 Nf3+ 27. Kh1 Nxe1+ 28. Kg1 Bd4+ 0-1


[Site "https://www.chess.com"]

[Event "Titled Tuesday Blitz April 25 Early 2023"]
[White "Jain Kashish Manoj"]
[Black "Hoffmann, Asa"]
[WhiteFideId "35081098"]
[BlackFideId "2001470"]
[WhiteElo "2191"]
[BlackElo "2117"]
[Result "0-1"]
[Round "03"]
[TimeControl "180+2"]
[Date "2023.04.25"]
[WhiteClock "0:00:05"]
[BlackClock "0:00:33"]

1. e4 d6 2. d4 Nf6 3. Nc3 c6 4. a4 Qa5 5. Bd3 e5 6. Nf3 Bg4 7. dxe5 dxe5 8. O-O Nbd7 9. h3 Bh5 10. Bd2 Bb4 11. Nb1 Bxd2 12. Nbxd2 O-O-O 13. Nc4 Qc7 14. Qe2 Nc5 15. Qe3 Nxd3 16. cxd3 Bxf3 17. Qxf3 Rd4 18. Rfc1 Rhd8 19. Ra3 Kb8 20. Qg3 Nh5 21. Qxe5 Nf4 22. Qxc7+ Kxc7 23. Rc2 Rxd3 24. Rxd3 Rxd3 25. Kh2 f6 26. g3 Ne6 27. Ne3 Nd4 28. Rc4 a5 29. Kg2 g6 30. Nd5+ Kd6 31. Nxf6 b5 32. axb5 cxb5 33. Rc8 Ne6 34. Nxh7 Rb3 35. e5+ Kxe5 36. Rc2 b4 37. Re2+ Kd6 38. Nf6 Nc5 39. Rc2 a4 40. Rd2+ Kc6 41. Nd5 a3 42. bxa3 bxa3 43. Ne7+ Kb5 44. Nxg6 Rb2 45. Rd1 a2 46. Ra1 Nb3 47. Rxa2 Rxa2 48. h4 Nd4 49. h5 Ra6 50. g4 Ne6 51. Kg3 Kc5 52. f4 Kd5 53. g5 Ke4 54. Kg4 Ra1 55. h6 Rg1+ 56. Kh3 Nxf4+ 57. Nxf4 Kxf4 58. Kh2 Rxg5 59. h7 0-1


[Site "https://www.chess.com"]

[Event "Titled Tuesday Blitz April 25 Early 2023"]
[White "Juhasz, Agoston"]
[Black "Stalri"]
[WhiteFideId "778346"]
[WhiteElo "2211"]
[BlackElo "2341"]
[Result "1-0"]
[Round "03"]
[TimeControl "180+2"]
[Date "2023.04.25"]
[WhiteClock "0:00:39"]
[BlackClock "0:01:13"]

1. Nc3 Nf6 2. d4 d5 3. Bf4 g6 4. Nb5 Na6 5. e3 Bg7 6. Nf3 O-O 7. h3 Ne4 8. Nd2 c6 9. Nxe4 dxe4 10. Nc3 f5 11. Bxa6 bxa6 12. O-O Kh8 13. Na4 e6 14. Nc5 Rf7 15. c3 h6 16. Qb3 Re7 17. Rad1 Qb6 18. Bd6 Re8 19. Rd2 Rd8 20. Qxb6 axb6 21. Bc7 Re8 22. Bxb6 e5 23. Bc7 Kg8 24. Bxe5 Bxe5 25. dxe5 Rxe5 26. Rd8+ Kf7 27. b4 a5 28. Rfd1 axb4 29. cxb4 Rd5 30. R1xd5 cxd5 31. a4 Rb8 32. b5 Ke7 33. Rxd5 h5 34. g3 g5 35. h4 gxh4 36. gxh4 Ra8 37. Kh2 Ra5 38. Kg3 Be6 39. Re5 Kd6 40. Rxe6+ Kxc5 41. Ra6 Rxa6 42. bxa6 Kb6 43. Kf4 1-0


[Site "https://www.chess.com"]

[Event "Titled Tuesday Blitz April 25 Early 2023"]
[White "Allahverdiyeva, Ayan"]
[Black "Akash G"]
[WhiteFideId "13412590"]
[BlackFideId "5040299"]
[WhiteElo "1980"]
[BlackElo "2395"]
[Result "0-1"]
[Round "03"]
[TimeControl "180+2"]
[Date "2023.04.25"]
[WhiteClock "0:00:03"]
[BlackClock "0:00:23"]

1. e4 c6 2. d4 d6 3. Nc3 Nf6 4. Be3 Nbd7 5. f4 e5 6. Nf3 Qa5 7. Qd2 Be7 8. O-O-O O-O 9. Kb1 Re8 10. Bc4 b5 11. Bb3 b4 12. Ne2 Nxe4 13. Qd3 d5 14. fxe5 Ba6 15. c4 bxc3 16. Qc2 cxb2 17. Bd2 Bb4 18. Ng3 Bxd2 19. Nxe4 dxe4 20. Qxe4 Bc1 21. Ng5 Bxg5 22. Rhf1 Bxf1 23. Rxf1 Qd2 24. Bxf7+ Kh8 25. Qxc6 Rec8 0-1


[Site "https://www.chess.com"]

[Event "Titled Tuesday Blitz April 25 Early 2023"]
[White "Arias, Juan Cruz"]
[Black "ArrestingPieces"]
[WhiteFideId "118540"]
[WhiteElo "2243"]
[BlackElo "2340"]
[Result "1/2-1/2"]
[Round "03"]
[TimeControl "180+2"]
[Date "2023.04.25"]
[WhiteClock "0:00:04"]
[BlackClock "0:00:05"]

1. d4 d5 2. Nf3 Nf6 3. e3 e6 4. Bd3 Bd6 5. O-O b6 6. b3 O-O 7. Bb2 Bb7 8. c4 Nbd7 9. cxd5 exd5 10. Nc3 a6 11. Rc1 Qe7 12. Qc2 Ne4 13. Ne2 f5 14. Ne5 Rac8 15. Nc6 Qf6 16. Nf4 Bxf4 17. exf4 Rfe8 18. Ne5 Qe6 19. Rfe1 c5 20. f3 cxd4 21. Qd1 Nxe5 22. fxe5 Rxc1 23. Qxc1 Nc5 24. Qc2 g6 25. Bxd4 Rc8 26. Qd2 a5 27. Bb1 Ba6 28. Rd1 Qd7 29. e6 Nxe6 30. Bb2 d4 31. Re1 Re8 32. h3 Bb5 33. Bd3 Bxd3 34. Qxd3 f4 35. Qc4 Kg7 36. Re4 Kh6 37. Bc1 Rc8 38. Qf1 g5 39. Bd2 Rc2 40. Qe1 Rc6 41. h4 Kg6 42. hxg5 Nxg5 43. Rxf4 Re6 44. Qb1+ Kg7 45. Rg4 Rg6 46. Qd3 Ne6 47. Rh4 Nc5 48. Qxd4+ Qxd4+ 49. Rxd4 Re6 50. Kf2 Kf7 51. Be3 Rc6 52. Rc4 Rd6 53. Rh4 Kg7 54. Bd4+ Kg6 55. Ke3 Ne6 56. Rg4+ Kf7 57. Bc3 Rd1 58. Rh4 Kg6 59. Rg4+ Kf7 60. Rh4 Kg6 61. Re4 Kf7 62. Kf2 Rc1 63. Be5 b5 64. Re2 a4 65. bxa4 bxa4 66. g4 Nc5 67. f4 Nd3+ 68. Kf3 Nxe5+ 69. fxe5 Ke6 70. Re4 a3 71. Ra4 Rc3+ 72. Kf4 Kd5 73. Re4 Ke6 74. Rd4 Rc2 75. Rd6+ Ke7 76. Rh6 Rxa2 77. Rxh7+ Ke6 78. Rh6+ Ke7 79. Ra6 Rf2+ 80. Ke3 Rg2 81. Kf3 Ra2 82. g5 Ra1 83. g6 a2 84. Kg2 Re1 85. Rb6 Rxe5 86. Ra6 Re2+ 87. Kf3 Rh2 88. Ke3 Kf8 89. Kd3 Kg7 90. Kc3 Rh6 91. Kb3 Rxg6 92. Rxa2 Rg3+ 93. Ka4 Rg4+ 94. Kb3 Rg3+ 95. Ka4 Rg4+ 96. Kb3 Rg3+ 1/2-1/2


[Site "https://www.chess.com"]

[Event "Titled Tuesday Blitz April 25 Early 2023"]
[White "Skliarov, Viktor"]
[Black "Manon-og, Ramon Jr."]
[WhiteFideId "14106736"]
[BlackFideId "5200776"]
[WhiteElo "2317"]
[BlackElo "2340"]
[Result "1-0"]
[Round "03"]
[TimeControl "180+2"]
[Date "2023.04.25"]
[WhiteClock "0:00:13"]
[BlackClock "0:00:57"]

1. e4 c5 2. Nf3 d6 3. d4 cxd4 4. Qxd4 Nc6 5. Bb5 Bd7 6. Bxc6 Bxc6 7. Nc3 a6 8. O-O e5 9. Qd3 h6 10. Nd2 b5 11. a4 Nf6 12. axb5 axb5 13. Rxa8 Qxa8 14. Nxb5 Qb8 15. c4 Be7 16. Nc3 O-O 17. b3 Qb4 18. Bb2 Ra8 19. Ra1 Rxa1+ 20. Bxa1 Qa3 21. Qb1 Bd8 22. Bb2 Qc5 23. h3 Bb6 24. Qe1 Nh5 25. Nf1 Nf4 26. Ne3 Qb4 27. Qd1 Bd4 28. Ncd5 Bxd5 29. Nxd5 Nxd5 30. Bxd4 exd4 31. exd5 Qxc4 32. bxc4 1-0


[Site "https://www.chess.com"]

[Event "Titled Tuesday Blitz April 25 Early 2023"]
[White "Golichenko, Ilija"]
[Black "Rodrigues, Adriano"]
[WhiteFideId "14117223"]
[BlackFideId "2100908"]
[WhiteElo "2339"]
[BlackElo "2339"]
[Result "1-0"]
[Round "03"]
[TimeControl "180+2"]
[Date "2023.04.25"]
[WhiteClock "0:01:45"]
[BlackClock "0:00:03"]

1. d4 Nf6 2. c4 g6 3. Nc3 c5 4. d5 Bg7 5. e4 d6 6. Be2 O-O 7. Be3 e6 8. h3 exd5 9. exd5 Re8 10. Nf3 Bf5 11. Bd3 Ne4 12. Nxe4 Bxe4 13. O-O Nd7 14. Bxe4 Rxe4 15. Qd3 Qe7 16. Bg5 f6 17. Rae1 Re8 18. Bd2 f5 19. Bc3 Bxc3 20. Qxc3 Nf6 21. Rxe4 Nxe4 22. Qa3 Qg7 23. Re1 a6 24. Ng5 Qe7 25. Ne6 Qh4 26. Qe3 Qf6 27. f3 Ng5 28. b3 Nxe6 29. dxe6 Qd4 30. Qxd4 cxd4 31. Kf2 Kg7 32. e7 Kf6 33. f4 Rxe7 34. Rxe7 Kxe7 35. Ke2 d5 36. c5 Kd7 37. Kd3 Kc6 38. Kxd4 h6 39. h4 a5 40. a3 1-0


[Site "https://www.chess.com"]

[Event "Titled Tuesday Blitz April 25 Early 2023"]
[White "Danielyan, Vahe"]
[Black "Itkis, Boris"]
[WhiteFideId "13304828"]
[BlackFideId "1209167"]
[WhiteElo "2423"]
[BlackElo "2216"]
[Result "1-0"]
[Round "03"]
[TimeControl "180+2"]
[Date "2023.04.25"]
[WhiteClock "0:00:06"]
[BlackClock "0:00:13"]

1. d4 Nf6 2. c4 e6 3. Nc3 d5 4. cxd5 exd5 5. Bg5 Bb4 6. a3 Bxc3+ 7. bxc3 h6 8. Bh4 O-O 9. e3 c6 10. Bd3 Nbd7 11. Ne2 Re8 12. O-O Nf8 13. Rb1 Qd6 14. a4 Ne4 15. f3 Nf6 16. Bf2 Ng6 17. Qc2 Nf8 18. e4 dxe4 19. fxe4 Ng4 20. Bg3 Qe7 21. Qd2 c5 22. d5 f5 23. d6 Qg5 24. Bf4 Qd8 25. exf5 Nh7 26. Bc4+ Kh8 27. Ng3 Nhf6 28. Rbe1 Bxf5 29. Nxf5 1-0


[Site "https://www.chess.com"]

[Event "Titled Tuesday Blitz April 25 Early 2023"]
[White "Isajevsky, Anton"]
[Black "Prudnykova, Olga"]
[WhiteFideId "4142500"]
[BlackFideId "14121093"]
[WhiteElo "2510"]
[BlackElo "2113"]
[Result "1-0"]
[Round "03"]
[TimeControl "180+2"]
[Date "2023.04.25"]
[WhiteClock "0:00:10"]
[BlackClock "0:00:02"]

1. c4 Nf6 2. Nc3 d5 3. cxd5 Nxd5 4. Nf3 g6 5. Qb3 Nb6 6. d4 Bg7 7. Bf4 O-O 8. Rd1 Nc6 9. e3 Bg4 10. Be2 Qc8 11. O-O a6 12. Bg3 Na5 13. Qb4 Nc6 14. Qa3 Re8 15. h3 Bd7 16. d5 Na7 17. Ne5 Nb5 18. Qb3 Nd6 19. e4 Rf8 20. f4 Qe8 21. Nxd7 Qxd7 22. e5 Nf5 23. Bf2 h5 24. Ne4 Qa4 25. Nc5 Qxb3 26. axb3 Rab8 27. Bf3 Rfd8 28. Be4 Nh6 29. g3 Bf8 30. Kg2 Kg7 31. Kf3 Ng8 32. g4 hxg4+ 33. hxg4 f6 34. Ne6+ Kf7 35. Nxd8+ Rxd8 36. d6 exd6 37. exd6 Bxd6 38. Bxb7 Rb8 39. Bxa6 Ne7 40. Rh1 Kg7 41. Bd4 Ned5 42. Bc4 Nxf4 43. g5 1-0


[Site "https://www.chess.com"]

[Event "Titled Tuesday Blitz April 25 Early 2023"]
[White "Zaichenko, Daria"]
[Black "djokovic74"]
[WhiteFideId "4197453"]
[WhiteElo "2039"]
[BlackElo "2585"]
[Result "0-1"]
[Round "03"]
[TimeControl "180+2"]
[Date "2023.04.25"]
[WhiteClock "0:00:21"]
[BlackClock "0:00:17"]

1. e4 e6 2. d4 d5 3. Nd2 Nf6 4. Bd3 c5 5. dxc5 dxe4 6. Bxe4 Bxc5 7. Bd3 Nc6 8. Ngf3 O-O 9. O-O e5 10. h3 Re8 11. Ne4 Nxe4 12. Bxe4 Qc7 13. Ng5 h6 14. Qh5 Nd4 15. Nxf7 Qxf7 16. Bg6 Qc7 17. Bxe8 Be6 18. c3 Nf5 19. Kh2 e4+ 20. Kh1 Bxf2 21. Bf7+ Kh8 22. Qd1 Ng3+ 23. Kh2 Nxf1+ 24. Kh1 Qh2# 0-1


[Site "https://www.chess.com"]

[Event "Titled Tuesday Blitz April 25 Early 2023"]
[White "Odegov, Artem"]
[Black "Chabris, Christopher"]
[WhiteFideId "34183644"]
[BlackFideId "2005263"]
[WhiteElo "2300"]
[BlackElo "2313"]
[Result "1-0"]
[Round "03"]
[TimeControl "180+2"]
[Date "2023.04.25"]
[WhiteClock "0:00:11"]
[BlackClock "0:00:01"]

1. d4 Nf6 2. c4 e6 3. Nf3 Bb4+ 4. Nbd2 b6 5. a3 Bxd2+ 6. Qxd2 Bb7 7. e3 O-O 8. Bd3 d5 9. O-O Nbd7 10. b3 c5 11. Bb2 dxc4 12. Bxc4 Qe7 13. Rfd1 a6 14. Qe2 b5 15. Bd3 Ne4 16. Rac1 Rac8 17. Bb1 Bd5 18. Nd2 Nxd2 19. Qxd2 g6 20. dxc5 Nxc5 21. Qb4 Qg5 22. e4 Bxb3 23. Rxc5 Qxc5 24. Qxb3 Qc4 25. Qe3 Rfd8 26. Re1 Qc5 27. Qf3 e5 28. Qf6 Re8 29. h3 Qe7 30. Qf3 Rc4 31. Rd1 Rd8 32. Rd5 Rxd5 33. exd5 e4 34. Qe3 f6 35. Ba2 1-0


[Site "https://www.chess.com"]

[Event "Titled Tuesday Blitz April 25 Early 2023"]
[White "Onslow, Alfie"]
[Black "Han, Yichen"]
[WhiteFideId "436976"]
[BlackFideId "1054430"]
[WhiteElo "2114"]
[BlackElo "2342"]
[Result "1-0"]
[Round "03"]
[TimeControl "180+2"]
[Date "2023.04.25"]
[WhiteClock "0:01:06"]
[BlackClock "0:00:51"]

1. Nf3 d5 2. c4 d4 3. b4 g5 4. Bb2 Bg7 5. e3 e5 6. exd4 exd4 7. d3 g4 8. Nfd2 Nf6 9. g3 O-O 10. Bg2 Re8+ 11. Kf1 Bf5 12. Nb3 Nc6 13. Bxc6 bxc6 14. Na3 Qe7 15. Nc2 Rad8 16. Nbxd4 Bg6 17. Nxc6 Qe6 18. Nxd8 Rxd8 19. Nd4 Qe7 20. Nc6 1-0


[Site "https://www.chess.com"]

[Event "Titled Tuesday Blitz April 25 Early 2023"]
[White "Ardila, Oscar Humberto"]
[Black "Cori T., Deysi"]
[WhiteFideId "4404742"]
[BlackFideId "3801934"]
[WhiteElo "1918"]
[BlackElo "2292"]
[Result "0-1"]
[Round "03"]
[TimeControl "180+2"]
[Date "2023.04.25"]
[WhiteClock "0:00:14"]
[BlackClock "0:01:43"]

1. d4 e6 2. c4 b6 3. Nc3 Bb7 4. Nf3 Bb4 5. e3 f5 6. Bd2 Nf6 7. Be2 O-O 8. O-O d6 9. a3 Bxc3 10. Bxc3 Ne4 11. Be1 Nd7 12. Nd2 Qg5 13. Nxe4 fxe4 14. Bg4 Rf6 15. Bc3 Rg6 16. Bh3 Rf8 17. d5 e5 18. g3 Nf6 19. Be6+ Kh8 20. b4 Bc8 21. c5 Ng4 22. cxd6 cxd6 23. Rc1 Qh6 24. h4 Nxf2 25. Rxf2 Rxg3+ 26. Rg2 Qxe3+ 27. Kh1 Rxg2 28. Kxg2 Rf2+ 29. Kg1 0-1


[Site "https://www.chess.com"]

[Event "Titled Tuesday Blitz April 25 Early 2023"]
[White "Rodriguez Santiago, Jaime"]
[Black "Dzagnidze, Nana"]
[WhiteFideId "3100898"]
[BlackFideId "13601903"]
[WhiteElo "2025"]
[BlackElo "2406"]
[Result "1-0"]
[Round "03"]
[TimeControl "180+2"]
[Date "2023.04.25"]
[WhiteClock "0:00:16"]
[BlackClock "0:00:10"]

1. c4 e6 2. Nf3 d5 3. g3 Nf6 4. Bg2 dxc4 5. a4 c5 6. Na3 Nc6 7. Nxc4 Be7 8. O-O O-O 9. b3 Nd5 10. Bb2 Bf6 11. Nfe5 Nxe5 12. Nxe5 Qc7 13. f4 b6 14. Rc1 Ba6 15. Rf2 Rfd8 16. Qe1 Rac8 17. h3 h6 18. Be4 Bb7 19. Kh2 Nb4 20. Bxb7 Qxb7 21. g4 Qd5 22. d3 Qxb3 23. Bc3 Na2 24. g5 hxg5 25. fxg5 Bxe5+ 26. Bxe5 Nxc1 27. Qxc1 Qxa4 28. Qb2 Rd4 29. e3 Rb4 30. Qe2 Qd7 31. Qh5 Rf8 32. d4 cxd4 33. exd4 Rb5 34. Bxg7 Kxg7 35. Qh6+ Kg8 36. g6 Qd6+ 37. Kg2 Qd5+ 38. Kh2 Qh5 39. gxf7+ Rxf7 40. Rg2+ 1-0


[Site "https://www.chess.com"]

[Event "Titled Tuesday Blitz April 25 Early 2023"]
[White "Albuquerque Junior,Wellington S."]
[Black "Asavasaetakul, Chawit"]
[WhiteFideId "2151480"]
[BlackFideId "6204856"]
[WhiteElo "2109"]
[BlackElo "1919"]
[Result "0-1"]
[Round "03"]
[TimeControl "180+2"]
[Date "2023.04.25"]
[WhiteClock "0:00:01"]
[BlackClock "0:00:25"]

1. c4 c6 2. g3 d5 3. Bg2 Nf6 4. Nf3 Bf5 5. Qb3 Qb6 6. d3 dxc4 7. Qxc4 e6 8. O-O Nbd7 9. Be3 Qb4 10. Qxb4 Bxb4 11. a3 Be7 12. Nc3 O-O 13. Rac1 h6 14. Nd4 Bg6 15. Nb3 Bd6 16. Na5 Rab8 17. Rfd1 Nd5 18. Nxd5 cxd5 19. Bxa7 Ra8 20. Nxb7 Rxa7 21. Nxd6 Nb6 22. Nb5 Ra5 23. Nc3 Rb8 24. Rc2 Nd7 25. Rdc1 Kh7 26. h4 h5 27. Na2 Ne5 28. Nb4 Ra7 29. Rc8 Rbb7 30. Rd8 Bf5 31. Rcc8 Kg6 32. Rc1 Rc7 33. Rxc7 Rxc7 34. e4 Rc1+ 35. Kh2 Ng4+ 36. Kh3 Nxf2+ 37. Kh2 dxe4 38. dxe4 Nxe4 0-1


[Site "https://www.chess.com"]

[Event "Titled Tuesday Blitz April 25 Early 2023"]
[White "sebastianmarinp"]
[Black "Mordechai, Hanan"]
[BlackFideId "2804166"]
[WhiteElo "2304"]
[BlackElo "2324"]
[Result "1-0"]
[Round "03"]
[TimeControl "180+2"]
[Date "2023.04.25"]
[WhiteClock "0:00:05"]
[BlackClock "0:00:01"]

1. e4 c5 2. Nf3 d6 3. d4 cxd4 4. Nxd4 Nf6 5. Nc3 g6 6. Be3 Bg7 7. f3 O-O 8. Bc4 Nc6 9. Bb3 Bd7 10. Qd2 Na5 11. O-O-O Rb8 12. Bg5 b5 13. Nde2 Nc4 14. Qd3 Be6 15. Nd4 Ne5 16. Qd2 Bxb3 17. Nxb3 a5 18. Bxf6 Bxf6 19. Nd5 Bg7 20. Qxa5 Nc4 21. Qxd8 Bxb2+ 22. Kb1 Rbxd8 23. Nxe7+ Kg7 24. Nd2 Bf6 25. Nxc4 bxc4 26. Nd5 Rb8+ 27. Kc1 Bb2+ 28. Kd2 f5 29. Rhe1 Ra8 30. Nc7 Rxa2 31. Ne6+ Kf7 32. Nxf8 Kxf8 33. exf5 gxf5 34. Re6 Be5 35. g3 Kf7 36. Rh6 Kg7 37. Rh4 d5 38. Re1 Bf6 39. Rh5 Kg6 40. g4 d4 41. Rxf5 d3 42. Rc1 Bd8 43. Rc5 Ba5+ 44. Rxa5 Rxa5 45. cxd3 cxd3 46. Kxd3 Ra3+ 47. Ke4 Ra2 48. h4 Ra4+ 49. Ke3 Ra2 50. Kf4 Ra4+ 51. Kg3 Ra6 52. Rc5 Rb6 53. Rf5 Ra6 54. Rf4 Rb6 55. Re4 Ra6 56. Rd4 Rb6 57. Ra4 Rc6 58. h5+ Kh6 59. f4 Rc1 60. Ra6+ Kg7 61. Kh4 Rc5 62. g5 1-0


[Site "https://www.chess.com"]

[Event "Titled Tuesday Blitz April 25 Early 2023"]
[White "ilya2700"]
[Black "Sahib Singh"]
[BlackFideId "25618342"]
[WhiteElo "2288"]
[BlackElo "1934"]
[Result "0-1"]
[Round "03"]
[TimeControl "180+2"]
[Date "2023.04.25"]
[WhiteClock "0:00:04"]
[BlackClock "0:01:21"]

1. e4 d6 2. d4 Nf6 3. Nc3 Nbd7 4. Nf3 e5 5. dxe5 dxe5 6. Bc4 Bd6 7. O-O O-O 8. Bg5 a6 9. Nd5 b5 10. Bb3 Bb7 11. a3 c6 12. Ne3 Qc7 13. Nf5 Nxe4 14. Nxd6 Nxd6 15. Be7 Nf5 16. Bxf8 Nxf8 17. Ng5 Nh6 18. Qh5 c5 19. c4 f6 20. Nf3 Kh8 21. Rad1 Ng6 22. Qh3 f5 23. Ng5 Nf4 24. Qe3 Nxg2 25. Qd3 Nf4 26. Qe3 Ng4 27. Qxe5 Qxe5 28. Nf7+ Kg8 29. Nxe5 Nh3# 0-1


[Site "https://www.chess.com"]

[Event "Titled Tuesday Blitz April 25 Early 2023"]
[White "SashaKuzhilniy"]
[Black "Tsyhanchuk, Stanislav"]
[BlackFideId "13505130"]
[WhiteElo "2566"]
[BlackElo "2173"]
[Result "1-0"]
[Round "03"]
[TimeControl "180+2"]
[Date "2023.04.25"]
[WhiteClock "0:01:58"]
[BlackClock "0:00:11"]

1. b3 b6 2. e4 Bb7 3. Nc3 c5 4. Bb2 e6 5. Nf3 Nc6 6. g3 Nge7 7. Bg2 Ng6 8. Qe2 Be7 9. h4 a6 10. h5 Nge5 11. Nxe5 Nxe5 12. f4 Nc6 13. h6 gxh6 14. Nd5 Rg8 15. O-O-O b5 16. Rxh6 Rxg3 17. Rxh7 Rg8 18. Rdh1 exd5 19. exd5 Nd4 20. Bxd4 cxd4 21. Rh8 Kf8 22. Rxg8+ Kxg8 23. Qg4+ Bg5 24. fxg5 Qe7 25. Qxd4 Qa3+ 26. Kb1 Kf8 27. Rh8+ Ke7 28. Qf6# 1-0


[Site "https://www.chess.com"]